 Dungeon Crawl Stone Soup version 0.30-a0-862-g1aabd4f9c5 (webtiles) character file.

Game seed: 7817046434518259082

107 Esekla the Sneak (level 4, 31/31 HPs)
             Began as an Octopode Delver on Mar 10, 2023.
             Quit the game on level 5 of the Dungeon.
             The game lasted 00:02:10 (274 turns).

Esekla the Sneak (Octopode Delver)                   Turns: 274, Time: 00:02:10

Health: 31/31      AC:  1    Str: 11    XL:     4   Next: 85%
Magic:  5/5        EV: 13    Int: 14    God:
Gold:   21         SH:  0    Dex: 13    Spells: 5/5 levels left

rFire   . . .      SeeInvis .    a - +0 falchion
rCold   . . .      Faith    .    (no shield)
rNeg    . . .      Spirit   .    (helmet restricted)
rPois   .          Reflect  .    (no amulet)
rElec   .          Rampage  .    (no ring)
rCorr   .                        (no ring)
Will    .....                    (no ring)
Stlth   +++++                    (no ring)
HPRegen 0.25/turn                (no ring)
MPRegen 0.09/turn                (no ring)
                                 (no ring)
                                 (no ring)

@: no status effects
A: almost no armour, amphibious, 8 rings, camouflage 1, gelatinous body 1,
(nimble swimmer 1), tentacles
a: no special abilities


You were on level 5 of the Dungeon.
You visited 1 branch of the dungeon, and saw 1 of its levels.

You collected 21 gold pieces.

Inventory:

Hand Weapons
 a - a +0 falchion (weapon)
Wands
 f - a wand of digging (3)
Scrolls
 b - a scroll of fog
 d - a scroll of fear
 g - a scroll of vulnerability {unknown}
 h - a scroll of teleportation {unknown}
 j - a scroll of brand weapon {unknown}
Potions
 c - a potion of lignification {unknown}
 e - a potion of haste
 i - 2 potions of brilliance {unknown}


   Skills:
 * Level 3.5 Fighting
 * Level 2.4 Long Blades
 * Level 2.5 Dodging
 + Level 7.7 Stealth
 * Level 1.2 Spellcasting


You had 5 spell levels left.
You didn't know any spells.
Your spell library was empty.

Dungeon Overview and Level Annotations

Branches:
Dungeon (5/15)
 Temple: D:4-7

Altars:
Dithmenos
Hepliaklqana


Innate Abilities, Weirdness & Mutations

You cannot wear most types of armour.
You are amphibious.
You can wear up to eight rings at the same time.
Your skin changes colour to match your surroundings (Stealth+).
Your rubbery body absorbs attacks. (AC +1, EV +1)
((You are camouflaged when in or above water. (Stealth+)))
You have tentacles for arms and can constrict up to eight enemies at once.


Message History

You see here a hound corpse.
Found 2 coppery potions.
i - 2 coppery potions
Found a shadowy altar of Dithmenos.
A quokka comes into view.
Found 12 gold pieces.
Found a robe.
You now have 12 gold pieces.
Found a bubbling amethyst potion.
A howler monkey comes into view.
Found a scroll labelled ORODEA DUDORU.
There is an open door here.
You see here a scroll labelled ORODEA DUDORU.
j - a scroll labelled ORODEA DUDORU The howler monkey howls!
There is an open door here.
You close the door.
A howler monkey opens the door.
Found 9 gold pieces.
The howler monkey hoots and howls with incredible vigour!
You barely miss the howler monkey. Your grab misses the howler monkey.
The howler monkey hits you.
You completely miss the howler monkey. You grab the howler monkey.
You squeeze the howler monkey.
The howler monkey is moderately wounded.
You constrict the howler monkey.
The howler monkey hits you but does no damage.
The howler monkey closely misses you.
You slash the howler monkey!
The howler monkey is almost dead.
You constrict the howler monkey.
The howler monkey hoots and howls with incredible vigour!
You hit the howler monkey.
You kill the howler monkey!
You see here a howler monkey corpse.
You now have 21 gold pieces (gained 9).
You open the door.
Found a hazy altar of Hepliaklqana.
There is an open door here.
Are you sure you want to abandon this character and quit the game? (Confirm with "yes".)

**,,,****** #.#
*,,,,,,,,,* #.# *
**,,,*###.######.# *
*,,*,...........#
****,,*,*##.###.####
,,,,,,,,* *,* #.#
****,,*****,* #.##
*,,,,,,,,* #..#
*#O#****** ##@#
#####.##** *♣.♣*
.......,,# **...**
..###.##.*#***.._..*
..##....,.,,,#♣...♣#
..##..##.#****≈♣8♣≈****
..##...#.# *≈≈≈≈≈*,,*
.........# #≈≈≈≈≈#*,*
..##...### **~~~***,*


There were no monsters in sight!

Vanquished Creatures
  A howler monkey (D:5)
  2 hounds (D:5)
  An adder (D:5)
4 creatures vanquished.

Notes
Turn   | Place    | Note
-------+----------+-------------------------------------------
     0 | D:5      | Esekla the Octopode Delver began the quest for the Orb.
     0 | D:5      | Reached XP level 1. HP: 16/16 MP: 1/1
    19 | D:5      | Noticed a hound
    26 | D:5      | Killed a hound
    27 | D:5      | Reached skill level 7 in Stealth
    27 | D:5      | Reached XP level 2. HP: 21/21 MP: 2/2
    27 | D:5      | Reached XP level 3. HP: 26/26 MP: 3/3
    59 | D:5      | Noticed an ogre
   167 | D:5      | Reached skill level 1 in Spellcasting
   167 | D:5      | Reached XP level 4. HP: 30/31 MP: 5/5
   186 | D:5      | Found a shadowy altar of Dithmenos.
   272 | D:5      | Found a hazy altar of Hepliaklqana.
   274 | D:5      | Quit the game

Illustrated notes

Levels and vault maps discovered:
D:5:      layout_loops_corners, worldfamousw_hep_ancestral_shrine,
          nicolae_dithmenos_through_a_glass_darkly, abandoned_shop

Skill      XL: |  1  2  3 |
---------------+----------+-----
Stealth        | 7 |  7.7
Spellcasting   | 1 |  1.2
Fighting       | |  3.5
Long Blades    | |  2.4
Dodging        | |  2.5

Action                     |  1- 3 |  4- 6 || total
---------------------------+-------+-------++-------
  Melee: Falchion          |    12 |     4 ||    16
         Tentacles         |     4 |     1 ||     5
         Constrict         |     2 |     1 ||     3
    Use: Scroll            |     1 |       ||     1
 Armour: Skin              |     1 |     1 ||     2
  Dodge: Dodged            |     9 |     1 ||    10

Table legend: (Time is in decaauts)
 A = Elapsed time spent in this place.
 B = Non-inter-level travel time spent in this place.
 C = Inter-level travel time spent in this place.
 D = Time resting spent in this place.
 E = Time spent auto-exploring this place.
 F = Levels seen in this place.
 G = Mean time per level.
                   A        B        C        D        E       F      G
               +--------+--------+--------+--------+--------+-----+--------+
         Total |    277 |    277 |      0 |      0 |      0 |   1 |  277.0 |
       Dungeon |    277 |    277 |      0 |      0 |      0 |   1 |  277.0 |
               +--------+--------+--------+--------+--------+-----+--------+

Top non-repeatable levels by time:
     D:5: 277 daAuts
